 Dungeon Crawl Stone Soup version 0.20.1-1-g8b1a95d (webtiles) character file.

371 QuCean the Covered (level 6, -8/53 HPs)
             Began as a Minotaur Fighter on Oct 25, 2017.
             Mangled by an ogre
             ... wielding a +0 giant club
              (22 damage)
             ... on level 4 of the Dungeon.
             The game lasted 00:11:35 (3802 turns).

QuCean the Covered (Minotaur Fighter)               Turns: 3802, Time: 00:11:36

Health: -8/53      AC: 14    Str: 21    XL:     6   Next: 42%
Magic:  5/5        EV:  4    Int:  5    God:
Gold:   194        SH: 10    Dex:  9    Spells: 5/5 levels left

rFire    . . .     SeeInvis .   p - -1 hand axe (curse)
rCold    . . .     Gourm    .   c - +0 shield
rNeg     . . .     Faith    .   h - +0 plate armour
rPois    +         Spirit   .   (helmet restricted)
rElec    .         Reflect  .   i - +0 cloak (curse)
rCorr    .         Harm     .   (no gloves)
MR       .....     Clarity  +   v - +0 pair of boots
Stlth    ..........             (no amulet)
Regen    0.2/turn               (no ring)
MPRegen  0.1/turn               (no ring)

@: no status effects
A: retaliatory headbutt, horns 2, clarity, poison resistance, weak 1, subdued
magic 1
a: no special abilities


You were on level 4 of the Dungeon.
You were not hungry.

You visited 1 branch of the dungeon, and saw 4 of its levels.

You collected 194 gold pieces.

Inventory:

Hand Weapons
 a - a +0 war axe
 n - a +1 mace of holy wrath
 p - a cursed -1 hand axe (weapon)
Armour
 c - a +0 shield (worn)
 h - a +0 plate armour (worn)
 i - a cursed +0 cloak (worn)
 o - a +0 chain mail
 v - a +0 pair of boots (worn)
Scrolls
 e - a scroll of recharging
 g - a scroll of amnesia
 k - 3 scrolls of enchant armour
 s - a scroll of identify
Potions
 d - 3 potions of might
 j - 2 potions of curing
 l - a potion of lignification {unknown}
 q - a potion of berserk rage {unknown}
 t - a potion of degeneration {unknown}
Comestibles
 f - 2 bread rations
 m - a meat ration
 r - a fruit
 u - 5 chunks of flesh
 w - 2 mutagenic chunks of flesh


   Skills:
 + Level 4.3 Fighting
 + Level 5.3 Axes
 + Level 5.3 Armour
 + Level 0.4 Dodging
 + Level 0.5 Stealth
 + Level 5.3 Shields


You had 5 spell levels left.
You didn't know any spells.

Dungeon Overview and Level Annotations

Branches:
Dungeon (4/15)
 Temple: D:4-7

Altars:
Fedhas
Vehumet

Annotations:
D:3 exclusion: oklob plant


Innate Abilities, Weirdness & Mutations

You reflexively headbutt those who attack you in melee.
You have a pair of horns on your head.
You possess an exceptional clarity of mind.
Your system is resistant to poisons. (rPois)
You are weak. (Str -2)
Your spells are a little easier to cast, but a little less powerful.


Message History

You eat one of the 3 mutagenic chunks of flesh.
This meat tastes really weird.
Your connection to magic feels subdued.
Found a stone staircase leading down.
An ogre comes into view. It is wielding a giant club.
The ogre shouts!
The ogre hits you with a giant club!!
You hit the ogre.
The ogre is lightly wounded.
You block the ogre's attack.
You barely miss the ogre.
The ogre is lightly wounded.
You barely miss the ogre.
The ogre is lightly wounded.
The ogre hits you with a giant club!
* * * LOW HITPOINT WARNING * * *
Your shield and plate armour prevent you from hitting the ogre.
The ogre is lightly wounded.
The ogre hits you with a giant club!!
You die...

#.....)...))# ###.........#
#.........# #####.........#
# ... #...............
.######### ..#.
..###.........###.........
.... .## ###########....#
... ... # .####
####.####.....#..##.# ....#
# ##....@O...# #.#.#....
###...##
##..>..########........
#####..###...#######...=...#
.....................#.....#
....####...###########.##.##
###.####...# #.# ...
###......... ###.# ###.#
....#....## #...# #
.###..#### ###.###


You could see an ogre.

Vanquished Creatures
  A sky beast (D:4)
  An orc priest (D:4)
  A gnoll shaman (D:4)
  An iguana (D:4)
  An orc wizard (D:4)
  3 gnolls (D:4)
  4 adders
  An ooze (D:4)
  An adder skeleton (D:4)
  2 worms (D:2)
  7 dart slugs
  2 leopard geckos (D:4)
  2 orcs (D:4)
  A giant cockroach (D:2)
  10 goblins
  11 hobgoblins
  5 jackals
  4 kobolds
  A quokka (D:3)
  A ball python (D:1)
  6 bats
  5 frilled lizards
  2 leopard gecko skeletons (D:4)
  10 rats
  2 fungi (D:3)
  2 plants (D:3)
87 creatures vanquished.

Vanquished Creatures (others)
  2 fungi (D:3)
2 creatures vanquished.

Grand Total: 89 creatures vanquished

Notes
Turn   | Place    | Note
-------+----------+-------------------------------------------
     0 | D:1      | QuCean the Minotaur Fighter began the quest for the Orb.
     0 | D:1      | Reached XP level 1. HP: 19/19 MP: 0/0
   214 | D:1      | Reached XP level 2. HP: 27/27 MP: 1/1
   626 | D:1      | Reached XP level 3. HP: 33/33 MP: 2/2
  1367 | D:2      | Found a radiant altar of Vehumet.
  1777 | D:3      | Reached XP level 4. HP: 39/40 MP: 3/3
  2109 | D:3      | Found a blossoming altar of Fedhas.
  2167 | D:3      | Noticed an oklob plant
  3029 | D:4      | HP: 2/40 [gnoll shaman/whip (4)]
  3030 | D:4      | Reached XP level 5. HP: 3/46 MP: 4/4
  3388 | D:4      | Reached skill level 5 in Armour
  3424 | D:4      | Reached skill level 5 in Shields
  3599 | D:4      | Reached XP level 6. HP: 43/52 MP: 5/5
  3760 | D:4      | Noticed a sky beast
  3771 | D:4      | Killed a sky beast
  3771 | D:4      | Reached skill level 5 in Axes
  3778 | D:4      | Gained mutation: Your system is resistant to poisons. (rPois) [mutagenic meat]
  3780 | D:4      | Gained mutation: You are weak. (Str -2) [mutagenic meat]
  3781 | D:4      | Gained mutation: You possess an exceptional clarity of mind. [mutagenic meat]
  3782 | D:4      | Gained mutation: Your spells are a little easier to cast, but a little less powerful. [mutagenic meat]
  3802 | D:4      | Mangled by an ogre

Skill      XL: |  1  2  3  4  5  6 |
---------------+-------------------+-----
Armour         | 4 5 |  5.3
Shields        | 4 5 |  5.3
Fighting       | 4 |  4.3
Axes           | 3 4 5 |  5.3
Dodging        | |  0.4
Stealth        | |  0.5

Action                   |  1- 3 |  4- 6 || total
-------------------------+-------+-------++-------
Melee: War axe           |    77 |       ||    77
       Headbutt          |    23 |    27 ||    50
       Hand axe          |    20 |   199 ||   219
  Use: Scroll            |     4 |     2 ||     6
 Stab: Distracted        |     1 |       ||     1
  Eat: Chunk             |     2 |    12 ||    14
Armor: Scale mail        |    39 |     2 ||    41
       Chain mail        |       |    25 ||    25
       Plate armour      |       |    60 ||    60
Dodge: Dodged            |    31 |    28 ||    59
Block: Shield            |    65 |    91 ||   156
